 Dungeon Crawl Stone Soup version 0.29.1-1-gd02db6906a (webtiles) character file.

Game seed: 304390943643180437

35 EvilAshe the Grave Robber (level 3, 0/26 HPs)
             Began as a Hill Orc Necromancer on Sept 29, 2022.
             Killed from afar by Sigmund (6 damage)
             ... with a magic dart
             ... on level 2 of the Dungeon.
             The game lasted 00:03:06 (1118 turns).

EvilAshe the Grave Robber (Hill Orc Necromancer)    Turns: 1118, Time: 00:03:07

Health: 0/26       AC:  5    Str: 10    XL:     3   Next: 33%
Magic:  0/5        EV: 10    Int: 17    God:
Gold:   82         SH:  0    Dex: 11    Spells: 4/5 levels left

rFire   . . .      SeeInvis .   l - +0 halberd
rCold   . . .      Faith    .   (shield currently unavailable)
rNeg    . . .      Spirit   .   e - +0 ring mail
rPois   .          Reflect  .   (no helmet)
rElec   .          Harm     .   (no cloak)
rCorr   .          Rampage  .   (no gloves)
Will    .....                   (no boots)
Stlth   +.........              (no amulet)
HPRegen 0.08/turn               (no ring)
MPRegen 0.09/turn               (no ring)

@: very slightly contaminated
A: no striking features
a: no special abilities


You were on level 2 of the Dungeon.
You visited 1 branch of the dungeon, and saw 2 of its levels.

You collected 82 gold pieces.

Inventory:

Hand Weapons
 c - a +0 dagger
 k - a +0 spear
 l - a +0 halberd (weapon)
Missiles
 h - 2 poisoned darts (quivered)
Armour
 a - a +0 robe
 e - a +0 ring mail (worn)
Scrolls
 d - a scroll of magic mapping {unknown}
 g - 2 scrolls of identify {unknown}
 j - a scroll of silence {unknown}
Potions
 b - a potion of magic
 i - a potion of cancellation {unknown}
 m - a potion of mutation {unknown}


   Skills:
 + Level 2.0 Dodging
 - Level 1.5 Stealth
 + Level 1.9 Spellcasting
 * Level 4.5 Necromancy


You had 4 spell levels left.
You knew the following spells:

 Your Spells              Type           Power      Damage    Failure   Level
a - Necrotise             Necr           68%        1d7       8%          1

Your spell library contained the following spells:

 Spells                   Type           Power      Damage    Failure   Level
 Vampiric Draining        Necr           17%        2d7       24%         3
 Animate Dead             Necr           17%        N/A       61%         4
 Agony                    Necr           17%        N/A       91%         5


Dungeon Overview and Level Annotations

Branches:
Dungeon (2/15)

Altars:

Annotations:
D:2 Sigmund


Message History

Sigmund hits you from afar with a +0 scythe.
Casting: Necrotise (safe; 8% risk of failure)
Confirm with . or Enter, or press ? or * to list all spells.
Aiming: Necrotise (safe; 8% risk of failure)
Press: ? - help, Shift-Dir - straight line, f - Sigmund
Aim: Sigmund, wielding a +0 scythe and wearing a +0 robe (chance to affect: 81%) Sigmund writhes in agony.
Sigmund hits you from afar with a +0 scythe!
* * * LOW HITPOINT WARNING * * *
Casting: Necrotise (safe; 8% risk of failure)
Confirm with . or Enter, or press ? or * to list all spells.
Aiming: Necrotise (safe; 8% risk of failure)
Press: ? - help, Shift-Dir - straight line, f/p - Sigmund
Aim: Sigmund, wielding a +0 scythe and wearing a +0 robe (lightly wounded, chance to affect: 81%) Sigmund writhes in agony!
Casting: Necrotise (safe; 8% risk of failure)
Confirm with . or Enter, or press ? or * to list all spells.
Aiming: Necrotise (safe; 8% risk of failure)
Press: ? - help, Shift-Dir - straight line, f/p - Sigmund
Aim: Sigmund, wielding a +0 scythe and wearing a +0 robe (moderately wounded, chance to affect: 81%) Sigmund writhes in agony!
Sigmund misses you.
Casting: Necrotise (safe; 8% risk of failure)
Confirm with . or Enter, or press ? or * to list all spells.
Aiming: Necrotise (safe; 8% risk of failure)
Press: ? - help, Shift-Dir - straight line, f/p - Sigmund
Aim: Sigmund, wielding a +0 scythe and wearing a +0 robe (severely wounded, chance to affect: 81%)
You miscast Necrotise.
You are very lightly contaminated with residual magic.
Nothing appears to happen.
Sigmund gestures at you while chanting. You resist with significant effort.
Casting: Necrotise (safe; 8% risk of failure)
Confirm with . or Enter, or press ? or * to list all spells.
Aiming: Necrotise (safe; 8% risk of failure)
Press: ? - help, Shift-Dir - straight line, f/p - Sigmund
Aim: Sigmund, wielding a +0 scythe and wearing a +0 robe (severely wounded, chance to affect: 81%) Sigmund writhes in agony.
Sigmund points at you and mumbles some strange words.
The magic dart hits you.
You die...

#.# #.##.###..... #.##
#........... ..... ....
#[.........# #.#.. #.##
...........# #.#.# #.#.
...........# #.#.# #.#.
...........# #.#.# ####.#.
.........#.###.#.# #......
.........@...#.#.# #.##.#.
........†#####.#'###'##.##
........@#####........#.#
...#..................+.#
##.##.##.#####........###
...........@.............
#..####.##....#####.#####
... #.##....#####.#
#.#####..........#...


You could see Sigmund.

Vanquished Creatures
  An adder (D:2)
  A bat (D:1)
  3 endoplasms
  2 giant cockroaches
  3 goblins
  3 hobgoblins (D:2)
  2 jackals (D:1)
  2 quokkas
  A ball python (D:2)
  A frilled lizard (D:1)
  A kobold (D:2)
  A rat (D:1)
21 creatures vanquished.

Vanquished Creatures (others)
  5 toadstools (D:2)
5 creatures vanquished.

Grand Total: 26 creatures vanquished

Notes
Turn   | Place    | Note
-------+----------+-------------------------------------------
     0 | D:1      | EvilAshe the Hill Orc Necromancer began the quest for the
                  | Orb.
     0 | D:1      | Reached XP level 1. HP: 14/14 MP: 3/3
   437 | D:1      | Reached XP level 2. HP: 19/20 MP: 0/4
   979 | D:2      | Reached XP level 3. HP: 24/26 MP: 3/5
  1100 | D:2      | Noticed Sigmund
  1118 | D:2      | Killed from afar by Sigmund

Illustrated notes

Levels and vault maps discovered:
D:1:      lemuel_arrival_cross, layout_loops_corners, basic_ecumenical_altar,
          dk_noncrumbling_3, st_stairs_6
D:2:      cheibrodos_fertilizer, layout_basic, grunt_decor_fettered,
          uniq_jessica, uniq_sigmund

Skill      XL: |  1  2 |
---------------+-------+-----
Dodging        | 2 |  2.0
Stealth        | |  1.5
Spellcasting   | |  1.9
Necromancy     | |  4.5

Action                   || total
-------------------------++-------
Melee: Dagger            ||    13
       Halberd           ||    12
       Spear             ||     5
Throw: Dart              ||     2
 Cast: Necrotise         ||    28
  Use: Potion            ||     2
Armor: Ring mail         ||    10
Dodge: Dodged            ||    17
